 Dungeon Crawl Stone Soup version 0.28.0-53-g5a82cb258f (webtiles) character file.

Game seed: 1172209432183831077

51509 Zeld the Severer (level 14, 0/138 HPs)
             Began as a Minotaur Berserker on June 9, 2022.
             Was a High Priest of Trog.
             Slain by a cane toad (9 damage)
             ... on level 5 of the Lair of Beasts.
             The game lasted 00:21:02 (32966 turns).

Zeld the Severer (Minotaur Berserker)              Turns: 32966, Time: 00:21:02

Health: 0/138      AC: 18    Str: 29    XL:     14   Next: 23%
Magic:  0/11       EV: 12    Int:  2    God:    Trog [*****.]
Gold:   1151       SH:  0    Dex: 14    Spells: 13/13 levels left

rFire   . . .      SeeInvis .   a - +1 battleaxe (flame)
rCold   . . .      Faith    .   (shield currently unavailable)
rNeg    . . .      Spirit   +   b - +0 plate armour
rPois   +          Reflect  .   q - +0 hat
rElec   +          Harm     .   s - scarf {+Inv}
rCorr   .          Rampage  .   p - +0 pair of gloves "Sov Awk" {*Slow rElec Str+2 Dex+4}
Will    +....                   G - +0 pair of boots
Stlth   ..........              l - amulet of guardian spirit
HPRegen 0.33/turn               E - ring of flight
MPRegen 0.12/turn               H - ring of poison resistance

@: flying
A: horns 2, retaliatory headbutt, dopey 1, low MP 1
a: Renounce Religion, Evoke Invisibility, Berserk, Trog's Hand, Brothers in Arms


You were on level 5 of the Lair of Beasts.
You worshipped Trog.
Trog was extremely pleased with you.
You visited 4 branches of the dungeon, and saw 23 of its levels.

You collected 1343 gold pieces.
You spent 192 gold pieces at shops.

Inventory:

Hand Weapons
 a - a +1 battleaxe of flaming (weapon)
 M - a +0 broad axe
Armour
 b - a +0 plate armour (worn)
 p - the +0 pair of gloves "Sov Awk" (worn) {*Slow rElec Str+2 Dex+4}
   (You found it on level 8 of the Dungeon)

   Str:       It affects your strength (+2).
   Dex:       It affects your dexterity (+4).
   rElec:     It insulates you from electricity.
   *Slow:     It may slow you when you take damage.
 q - a +0 hat (worn)
 s - a scarf of invisibility (worn)
 G - a +0 pair of boots (worn)
Jewellery
 l - an amulet of guardian spirit (around neck)
 E - a ring of flight (left hand)
 H - a ring of poison resistance (right hand)
 J - a ring of protection from fire
Wands
 o - a wand of acid (21)
 v - a wand of polymorph (21)
 x - a wand of digging (15)
 y - a wand of flame (30)
 A - a wand of mindburst (2)
 B - a wand of paralysis (7)
 D - a wand of iceblast (19)
Scrolls
 g - 2 scrolls of magic mapping
 h - 5 scrolls of fog
 i - 5 scrolls of teleportation
 k - 6 scrolls of identify
 m - 3 scrolls of holy word
 u - 2 scrolls of enchant armour
 w - a scroll of summoning
 P - 2 scrolls of fear
Potions
 c - 3 potions of invisibility
 e - 4 potions of heal wounds
 f - 8 potions of curing
 j - 4 potions of flight
 n - 5 potions of haste
 r - a potion of cancellation {unknown}
 t - 2 potions of magic {unknown}
 z - 3 potions of mutation {unknown}
 I - a potion of might {unknown}
 K - 3 potions of brilliance {unknown}
 L - 2 potions of berserk rage {unknown}
 N - a potion of ambrosia {unknown}
 O - 3 potions of attraction {unknown}
Miscellaneous
 C - a piece from Xom's chessboard (15/15)


   Skills:
 * Level 16.8 Fighting
 * Level 16.9 Axes
 + Level 12.1 Armour
 + Level 11.2 Dodging
 + Level 6.4 Evocations


You had 13 spell levels left.
You didn't know any spells.
Your spell library was empty.

Dungeon Overview and Level Annotations

Branches:
Dungeon (15/15)            Temple (1/1) D:4            Lair (6/6) D:8
  Swamp (0/4) Lair:3        Snake (0/4) Lair:3        Slime (0/5) Lair:5
    Orc (1/2) D:11         Vaults (0/5) D:14
 Depths: D:15

Altars:
Ashenzari
Cheibriados
Dithmenos
Elyvilon
Fedhas
Gozag
Hepliaklqana
Kikubaaqudgha
Makhleb
Nemelex Xobeh
Okawaru
Qazlal
Ru
Sif Muna
Trog
Uskayaw
Vehumet
Wu Jian
Xom
Yredelemnul
Zin
The Shining One
Jiyva
Lugonu

Shops:
D:2 [   D:14 [

Annotations:
Lair:4 1 runed translucent door, HunfridMar's ghost, journeyman DECj
Lair:6 Josephine


Innate Abilities, Weirdness & Mutations

You have a pair of horns on your head.
You reflexively headbutt those who attack you in melee.
You are dopey. (Int -2)
Your magical capacity is low. (-10% MP)


Message History

The torpor snail closely misses you. The cane toad stings you.
Unknown command.
You barely miss the torpor snail. You headbutt the torpor snail!
The torpor snail is severely wounded.
You hit the cane toad. You burn the cane toad.
You feel sick. The torpor snail barely misses you.
The cane toad barely misses you.
Unknown command.
You slash the torpor snail! You burn the torpor snail.
You headbutt the torpor snail, but do no damage.
The torpor snail is almost dead.
You barely miss the cane toad.
You feel sick. The cane toad stings you!
* * * LOW HITPOINT WARNING * * *
The torpor snail bites you but does no damage.
The cane toad stings you but does no damage.
You hit the torpor snail. You burn the torpor snail.
The torpor snail is almost dead.
You hit the cane toad. You burn the cane toad.
You feel sick.
You are no longer poisoned.
The cane toad closely misses you. You furiously retaliate!
You headbutt the cane toad! The torpor snail bites you!
* * * LOW HITPOINT WARNING * * *
Unknown command.
Unknown command.
You hit the torpor snail but do no damage.
You headbutt the torpor snail.
You kill the torpor snail!
Trog accepts your kill.
You closely miss the cane toad.
You feel yourself speed up. The cane toad closely misses you.
The cane toad barely misses you.
Unknown command.
You barely miss the cane toad.
The cane toad is heavily wounded.
The cane toad stings you!
* * * LOW HITPOINT WARNING * * *
Unknown command.
You closely miss the cane toad.
The cane toad is heavily wounded.
The cane toad stings you!
You die...

.###..#.# ### #.........
.......## ##.## ##........#
#.....P# #.#.## #.......##.
###....## ##....####....#####
###.....### #......##..###.# #
........#.# ##....<......####
..........# #........[.###
.......#..####.†.......## ###
....#...#..##...@†......######.##
...###..#......F.......###.#P##.#
.....#...#.#...........# ##......
.#..##....#...........## ##......
..#..##..##.#........#####.......
..#......####........# #P........
####.#.### ###......## ##........
##.#...# #........####...>.....
#.#....###...P###..#P#.........


You could see a cane toad.

Vanquished Creatures
  Snorg (D:10)
  A fire dragon (Lair:4)
  2 boulder beetles
  A catoblepas (Lair:6)
  3 hydras
  2 dancing weapons (D:14)
  A two-headed ogre (D:13)
  A centaur warrior (D:8)
  The ghost of bnorton916 the Destroyer, a journeyman DEFE of Gozag (Lair:2)
  A skeletal warrior (D:15)
  An orange crystal statue (D:13)
  2 bog bodies (Lair:3)
  A wizard (D:14)
  3 wolf spiders (D:9)
  A fire giant zombie (D:15)
  2 deep elf pyromancers (D:12)
  An oklob plant (Lair:3)
  3 cyclopes (D:12)
  2 manticores (D:14)
  2 centaur zombies
  An elephant (Lair:5)
  8 black mambas
  A torpor snail (Lair:5)
  A gargoyle (D:13)
  9 cane toads
  A rime drake (Lair:6)
  A kobold demonologist (D:13)
  An unseen horror (D:12)
  6 komodo dragons
  A tengu conjurer (D:14)
  3 meliai (D:14)
  5 polar bears
  A queen bee (D:13)
  4 trolls
  A meliai (shapeshifter) (D:15)
  6 hornets
  6 slime creatures
  4 blink frogs (Lair:1)
  A centaur simulacrum (D:13)
  A culicivora (shapeshifter) (D:14)
  A shadow (D:13)
  11 wyverns
  4 basilisks
  47 yaks
  5 redbacks (D:9)
  8 vampire mosquitoes
  2 swamp worms (Lair:3)
  2 steam dragons
  5 wargs
  An acid dragon (D:12)
  22 water moccasins
  5 hell hounds (Lair:6)
  6 orc warriors
  3 ice beasts
  7 black bears (Lair:6)
  A necrophage (D:7)
  2 ogres
  13 wolves
  3 centaurs
  2 phantoms
  2 kobold brigands (D:10)
  6 bullfrogs
  3 gnoll sergeants
  2 scorpions
  12 killer bees
  6 howler monkeys
  5 electric eels
  A lava snake (D:10)
  5 hounds
  Crazy Yiuf (D:5)
  9 orc priests
  A centaur skeleton (D:5)
  A bullfrog skeleton (D:5)
  An iguana (D:6)
  11 orc wizards
  A killer bee zombie (D:8)
  2 hound skeletons (D:4)
  2 howler monkey zombies
  7 adders
  18 gnolls
  A shadow imp (D:8)
  3 white imps
  3 worms
  4 dart slugs
  42 orcs
  2 ball pythons
  12 endoplasms
  2 giant cockroaches
  7 goblins
  6 hobgoblins
  2 jackals (D:1)
  A quokka (D:2)
  6 bats
  6 frilled lizards
  15 kobolds
  7 rats
459 creatures vanquished.

Vanquished Creatures (others)
  28 fungi
  64 plants
92 creatures vanquished.

Grand Total: 551 creatures vanquished

Notes
Turn   | Place    | Note
-------+----------+-------------------------------------------
     0 | D:1      | Zeld the Minotaur Berserker began the quest for the Orb.
     0 | D:1      | Reached XP level 1. HP: 19/19 MP: 0/0
   172 | D:1      | Reached XP level 2. HP: 26/27 MP: 1/1
   414 | D:1      | Found a faded altar of an unknown god.
   522 | D:1      | Reached ** piety under Trog
   524 | D:1      | Reached XP level 3. HP: 28/33 MP: 2/2
   736 | D:2      | Found a white marble altar of Elyvilon.
  1042 | D:2      | Found Xysaak's Antique Armour Emporium.
  2081 | D:3      | Reached XP level 4. HP: 24/41 MP: 3/3
  2944 | D:3      | Reached skill level 5 in Axes
  3006 | D:3      | Reached XP level 5. HP: 47/47 MP: 4/4
  3882 | D:4      | Found a staircase to the Ecumenical Temple.
  3919 | Temple   | Entered the Ecumenical Temple
  4199 | D:4      | Reached skill level 5 in Fighting
  4757 | D:4      | Found a sparkling altar of Nemelex Xobeh.
  5139 | D:4      | Found a hazy altar of Hepliaklqana.
  5201 | D:4      | Reached XP level 6. HP: 23/56 MP: 5/5
  5497 | D:5      | Entered Level 5 of the Dungeon
  5512 | D:5      | Reached *** piety under Trog
  6286 | D:5      | Noticed an ice beast
  6303 | D:5      | HP: 2/85 [ice beast (14)]
  6305 | D:5      | Killed an ice beast
  6306 | D:5      | Reached XP level 7. HP: 2/64 MP: 6/6
  6873 | D:5      | Found a runed translucent door.
  6874 | D:5      | Noticed Crazy Yiuf
  7306 | D:2      | Bought a runed scarf for 192 gold pieces
  7517 | D:5      | Killed Crazy Yiuf
  7831 | D:6      | Found a shimmering blue altar of Sif Muna.
  7997 | D:6      | Noticed a steam dragon
  8007 | D:6      | Killed a steam dragon
  8008 | D:6      | Reached skill level 5 in Armour
  8008 | D:6      | Reached XP level 8. HP: 63/73 MP: 7/7
  8703 | D:6      | Reached skill level 5 in Dodging
  8716 | D:6      | Reached XP level 9. HP: 61/83 MP: 8/8
  9840 | D:7      | HP: 2/85 [something (8)]
 10225 | D:7      | Found a shadowy altar of Dithmenos.
 10395 | D:7      | Found an ornate altar of the Wu Jian Council.
 10436 | D:7      | Found a snail-covered altar of Cheibriados.
 10551 | D:7      | Found a white marble altar of Elyvilon.
 10699 | D:8      | Noticed a centaur warrior
 10708 | D:8      | Killed a centaur warrior
 10709 | D:8      | Reached skill level 10 in Fighting
 10709 | D:8      | Reached skill level 10 in Axes
 10858 | D:8      | Found a burning altar of Makhleb.
 10864 | D:8      | Identified the +10 whip of Due Proportion {drain, rElec rC-
                  | rN+}
 11018 | D:8      | Found a staircase to the Lair.
 11019 | D:8      | Noticed a troll
 11033 | D:7      | Reached XP level 10. HP: 67/94 MP: 9/9
 12397 | D:8      | Identified the +0 pair of gloves "Sov Awk" {*Slow rElec
                  | Str+2 Dex+4}
 12659 | D:8      | Found a sacrificial altar of Ru.
 12660 | D:8      | Found a radiant altar of Vehumet.
 12661 | D:8      | Found a bloodstained altar of Trog.
 12983 | D:9      | Reached **** piety under Trog
 13729 | D:9      | Found a hide-covered altar of Uskayaw.
 13834 | D:9      | Found an opulent altar of Gozag.
 13999 | D:9      | Noticed a wolf spider
 14000 | D:9      | Noticed a black mamba
 14002 | D:9      | Found a runed translucent door.
 14003 | D:9      | Found a runed translucent gate.
 14004 | D:9      | Noticed a black mamba
 14004 | D:9      | Found a runed translucent gate.
 14009 | D:9      | Found the +9 staff of Olgreb {rPois∞}
 14014 | D:9      | Found a runed translucent door.
 14201 | D:9      | Found a runed translucent gate.
 14205 | D:9      | Noticed a wolf spider
 14213 | D:9      | Noticed a wolf spider
 14362 | D:9      | Found a glowing silver altar of Zin.
 14395 | D:9      | Reached XP level 11. HP: 82/104 MP: 10/10
 15099 | D:10     | Entered Level 10 of the Dungeon
 15433 | D:10     | Paralysed by a hornet for 2 turns
 15524 | D:10     | Noticed Snorg
 16160 | D:10     | Killed Snorg
 16168 | D:10     | Reached skill level 1 in Evocations
 17299 | D:11     | Found a staircase to the Orcish Mines.
 17918 | Orc:1    | Entered Level 1 of the Orcish Mines
 17976 | D:12     | Noticed a deep elf pyromancer
 17991 | D:12     | Killed a deep elf pyromancer
 18634 | D:12     | Noticed a deep elf pyromancer
 18648 | D:12     | Killed a deep elf pyromancer
 19167 | D:12     | Reached ***** piety under Trog
 19848 | D:13     | Noticed Sonja
 19849 | D:13     | Noticed Sonja
 19849 | D:13     | Sonja changed into Sonja the queen bee
 19860 | D:13     | Killed Sonja the queen bee
 20079 | D:13     | Noticed a two-headed ogre
 20085 | D:13     | Killed a two-headed ogre
 20086 | D:13     | Reached XP level 12. HP: 96/116 MP: 11/11
 20350 | D:13     | Gained mutation: Your magical capacity is low. (-10% MP) [a
                  | neqoxec]
 20353 | D:13     | Gained mutation: You are dopey. (Int -2) [a neqoxec]
 20639 | D:13     | Noticed a boulder beetle
 20655 | D:13     | Killed a boulder beetle
 20656 | D:13     | Reached skill level 10 in Armour
 21221 | D:14     | Found a gate to the Vaults.
 21681 | D:14     | Found Cyome's Armour Boutique.
 23448 | D:15     | Entered Level 15 of the Dungeon
 24288 | D:9      | Reached skill level 15 in Axes
 24295 | D:9      | Reached skill level 15 in Fighting
 24309 | D:9      | HP: 2/119 [poisoned by a redback]
 24947 | D:9      | Reached skill level 10 in Dodging
 25027 | D:9      | Reached XP level 13. HP: 126/126 MP: 10/10
 25087 | Lair:1   | Entered Level 1 of the Lair of Beasts
 26634 | Lair:2   | Reached skill level 5 in Evocations
 26811 | Lair:2   | Noticed bnorton916's ghost (journeyman DEFE)
 26833 | Lair:2   | Found a runed translucent gate.
 26833 | Lair:2   | Found a runed translucent gate.
 26833 | Lair:2   | Found a runed translucent gate.
 27533 | Lair:2   | Killed bnorton916's ghost
 29088 | Lair:3   | Found a staircase to the Snake Pit.
 29554 | Lair:3   | Found a staircase to the Swamp.
 29888 | Lair:4   | Found a runed translucent door.
 29891 | Lair:4   | Identified the +5 spear of the Glimmering Augurer {spect,
                  | rPois Dex+2}
 29904 | Lair:4   | Noticed HunfridMar's ghost (journeyman DECj)
 29908 | Lair:4   | Received a gift from Trog
 30049 | Lair:4   | Noticed a fire dragon
 30059 | Lair:4   | Killed a fire dragon
 30133 | Lair:4   | Identified the amulet "Rengibb" {Faith Harm}
 31006 | Lair:5   | You are sucked into a shaft and drop 1 floor!
 31006 | Lair:6   | Entered Level 6 of the Lair of Beasts
 31732 | Lair:5   | Reached XP level 14. HP: 130/138 MP: 8/11
 31818 | Lair:5   | Found a viscous altar of Jiyva.
 31818 | Lair:5   | Found a staircase to the Slime Pits.
 32953 | Lair:6   | Noticed Josephine
 32966 | Lair:5   | Slain by a cane toad

Illustrated notes

Levels and vault maps discovered:
D:1:      dpeg_arrival_signposts, layout_basic,
          hellmonk_ecumenical_altar_crossroads, minmay_misc_feat_pillars
D:2:      layout_rooms, basic_altar, serial_shops, nicolae_shop_stone,
          st_stairs_7
D:3:      layout_loops_corners
D:4:      layout_basic, pf_just_have_faith, mainiacjoe_overflow_brackets,
          minmay_temple_entry_purple_smoke
D:5:      layout_basic, uniq_crazy_yiuf_cottage
D:6:      layout_gridville, mainiacjoe_overflow_six_doors_small, fountainhead
D:7:      layout_loops_ring, mainiacjoe_overflow_boulevard,
          nicolae_overflow_crystal_walls, nicolae_wu_jian_immortal_techniques,
          mainiacjoe_overflow_alcove_4
D:8:      layout_rooms, bloody_makhleb, minitemple, erik_lair_island,
          special_room [special_room_orc], serial_curves, eino_curves_01,
          eino_curves_03, eino_curves_02
D:9:      layout_basic, nicolae_gozag_seed_capital,
          nicolae_uskayaw_murder_on_the_dancefloor, kennysheep_mini,
          corexii_hall_statues_u, grunt_decor_resistance,
          minmay_guarded_unrand_staff_of_olgreb
D:10:     layout_roguey, grunt_decor_junction, uniq_snorg
D:11:     layout_stronghold, orc_0_dummy
D:12:     layout_rooms, nooodl_orcs_dogs
D:13:     layout_loops_ring, eino_curves_02, minivault_16, uniq_sonja
D:14:     layout_roguey, erik_vaults_1, serial_shops, shop, minivault_24
D:15:     gammafunk_depths_entry_grave, layout_basic, minmay_misc_feat_enclosed,
          serial_shops, shop, nicolae_shop_trees,
          nicolae_shop_overgrown_old_shop, nemelex_xobeh_ov_fountains_minmay
Temple:   corrupted_temple
Lair:1:   layout_roguey, serial_bayou_shore_b
Lair:2:   layout_misc_corridors, gammafunk_ghost_split
Lair:3:   layout_regular_city, nicolae_swamp_entry_splash_gauntlet,
          minmay_snake_entry_six_corridors
Lair:4:   dragon1_lemuel, layout_cave_pods, ebering_ghost_funeral_grove,
          lemuel_fruit_tree
Lair:5:   layout_cave_pods, dpeg_slime_entry_enclosed_altar, beast_lair_carwin_4
Lair:6:   hangedman_lair_tendril_chambers, layout_cave_pods,
          hangedman_lair_caniforms_friends, infiniplex_staircase_pool,
          uniq_josephine
Orc:1:    nicolae_orc_accident_2, layout_caves

Skill      XL: |  1  2  3  4  5  6  7  8  9 10 11 12 13 14 |
---------------+-------------------------------------------+-----
Axes           | 4 5 6 7 9 10 12 13 15 16 | 16.9
Fighting       | 4 5 6 7 9 10 12 13 15 16 | 16.8
Armour         | 3 4 5 6 7 8 9 10 11 12 | 12.1
Dodging        | 3 4 5 6 7 9 10 11 | 11.2
Evocations     | 3 4 6 |  6.4

Action                   |  1- 3 |  4- 6 |  7- 9 | 10-12 | 13-15 || total
-------------------------+-------+-------+-------+-------+-------++-------
Melee: Hand axe          |   107 |   158 |   163 |       |       ||   428
       Headbutt          |    13 |    25 |    44 |   127 |    98 ||   307
       Punch             |     1 |     2 |     2 |     3 |       ||     8
       War axe           |       |       |    45 |   604 |   215 ||   864
       Battleaxe         |       |       |       |       |   157 ||   157
Invok: Berserk           |     1 |     1 |     2 |     6 |     1 ||    11
       Trog's Hand       |       |       |       |     3 |     2 ||     5
       Brothers in Arms  |       |       |       |     1 |       ||     1
Evoke: Wand              |       |       |       |     1 |       ||     1
  Use: Scroll            |       |       |       |    15 |     9 ||    24
       Potion            |       |       |       |     2 |       ||     2
 Stab: Sleeping          |     1 |       |       |       |       ||     1
Armor: Animal skin       |    13 |    24 |       |       |       ||    37
       Plate armour      |       |       |   135 |   393 |   218 ||   746
Dodge: Dodged            |    65 |    83 |    91 |   269 |   231 ||   739
Block: Kite shield       |       |       |       |   130 |    57 ||   187
